 Dungeon Crawl Stone Soup version 0.30.0-5-g1a98f26d00 (webtiles) character file.

Game seed: 206877257952357578

1807 jimonade the Cutter (level 9, 0/47 HPs)
             Began as a Vine Stalker Monk on May 8, 2023.
             Was a Believer of Wu Jian.
             Slain by a jelly (2 damage)
             ... on level 6 of the Dungeon.
             The game lasted 00:11:13 (5251 turns).

jimonade the Cutter (Vine Stalker Monk)             Turns: 5251, Time: 00:11:14

Health: 0/47       AC: -3    Str: 14    XL:     9   Next: 9%
Magic:  0/10       EV: 14    Int: 10    God:    Wu Jian [**....]
Gold:   337        SH:  0    Dex: 21    Spells: 8/8 levels left

rFire   . . .        a - +2 dagger (protect)
rCold   . . .        d - orb {light}
rNeg    . . .        o - +0 chain mail
rPois   .            (no helmet)
rElec   .            (no cloak)
rCorr   .            (no gloves)
SInv    .            (no boots)
Will    +....        k - amulet of magic regeneration Stlth
                     t - +5 ring of evasion
HPRegen 1.07/turn    q - +4 ring of protection
MPRegen 0.52/turn

%: guardian spirit
@: corroded, under a protective aura, glowing
A: fangs 3, regeneration 1, magic shield, antimagic bite, no potion heal 2
a: Renounce Religion, Wall Jump


You were on level 6 of the Dungeon.
You worshipped Wu Jian.
Wu Jian was pleased with you.
You visited 2 branches of the dungeon, and saw 7 of its levels.

You collected 337 gold pieces.

Inventory:

Hand Weapons
 a - a +2 dagger of protection (weapon)
 g - a +0 falchion
 D - a +1 flail of holy wrath
 G - a +3 morningstar
Missiles
 x - 4 poisoned darts (quivered)
 E - 2 boomerangs
Armour
 b - a +0 robe
 d - an orb of light (worn)
 o - a +0 chain mail (worn)
 p - a +0 plate armour
 r - a +0 leather armour
 F - a +0 buckler
Jewellery
 h - a ring of wizardry
 k - an amulet of magic regeneration (around neck)
 l - a ring of see invisible
 q - a +4 ring of protection (right hand)
 t - a +5 ring of evasion (left hand)
 y - a +6 ring of dexterity
Wands
 m - a wand of flame (16)
 A - a wand of mindburst (8)
Scrolls
 f - 3 scrolls of amnesia
 j - a scroll of poison
 n - 2 scrolls of blinking {unknown}
 s - 2 scrolls of vulnerability
 u - 2 scrolls of teleportation
 w - a scroll of enchant armour
 B - 3 scrolls of identify
Potions
 c - a potion of ambrosia
 e - a potion of degeneration {unknown}
 i - 4 potions of curing {unknown}
 v - 2 potions of heal wounds {unknown}
 z - a potion of magic {unknown}
 C - a potion of attraction {unknown}


   Skills:
 + Level 5.1 Fighting
 + Level 6.3(6.8) Short Blades
 + Level 3.4(5.4) Long Blades
 + Level 0.8 Throwing
 + Level 4.9 Armour
 + Level 3.7 Dodging
 + Level 0.3 Stealth
 + Level 0.1 Evocations


You had 8 spell levels left.
You didn't know any spells.
Your spell library contained the following spells:

 Spells                   Type           Power      Damage    Failure   Level
 Kiss of Death            Conj/Necr      0%         2d5       99%         1
 Summon Small Mammal      Summ           0%         N/A       99%         1
 Call Canine Familiar     Summ           0%         N/A       100%        3
 Confusing Touch          Hex            0%         N/A       100%        3
 Spider Form              Tmut/Pois      0%         N/A       100%        3
 Summon Guardian Golem    Hex/Summ       0%         N/A       100%        3
 Animate Armour           Summ/Erth      0%         N/A       100%        4
 Dispel Undead            Necr           0%         3d6       100%        4
 Manifold Assault         Tloc           0%         N/A       100%        4
 Alistair's Intoxication  Tmut/Pois      0%         N/A       100%        5
 Yara's Violent Unravell  Hex/Tmut       0%         3d3       100%        5
 Dispersal                Tloc           0%         N/A       100%        6
 Disjunction              Tloc           0%         N/A       100%        8


Dungeon Overview and Level Annotations

Branches:
Dungeon (6/15)             Temple (1/1) D:6

Altars:
Ashenzari
Cheibriados
Elyvilon
Fedhas
Gozag
Hepliaklqana
Makhleb
Nemelex Xobeh
Okawaru
Qazlal
Ru
Sif Muna
Trog
Uskayaw
Vehumet
Wu Jian
Xom
Yredelemnul
The Shining One

Shops:
D:2 !

Annotations:
D:3 1 runed translucent door, Crazy Yiuf
D:4 2 runed translucent doors, nemohh's ghost, amateur HOFi


Innate Abilities, Weirdness & Mutations

You have razor-sharp teeth.
Your natural rate of healing is unusually fast.
When hurt, damage is shared between your health and your magic reserves.
Your bite disrupts and absorbs the magic of your enemies.
Potions cannot restore your health.


Message History

You bump into the rock wall.
The jelly hits you but does no damage.
You hit the jelly.
Your hands burn!
* * * LOW HITPOINT WARNING * * *
You bite the jelly, but do no damage.
The jelly is moderately wounded.
The jelly completely misses you.
You hit the jelly.
Your hands burn!
The jelly is heavily wounded.
The jelly barely misses you.
You hit the jelly but do no damage.
Your hands burn!
You bite the jelly, but do no damage.
The jelly is heavily wounded.
You hit the jelly.
Your hands burn!
* * * LOW HITPOINT WARNING * * *
The jelly is severely wounded.
The jelly misses you. The jelly barely misses you.
You feel less invigorated.
You feel less confused. The jelly closely misses you.
You hit the jelly but do no damage.
Your hands burn!
* * * LOW HITPOINT WARNING * * *
You bite the jelly, but do no damage.
The jelly is severely wounded.
The jelly barely misses you.
You hit the jelly but do no damage.
Your hands burn!
* * * LOW HITPOINT WARNING * * *
The jelly is severely wounded.
You hit the jelly but do no damage. The acid corrodes you!
Your hands burn!
The jelly is severely wounded.
The jelly hits you.
* * * LOW HITPOINT WARNING * * *
The acid corrodes you!
You are splashed with acid!
* * * LOW HITPOINT WARNING * * *
You hit the jelly but do no damage. The acid corrodes you!
Your hands burn!
* * * LOW HITPOINT WARNING * * *
You bite the jelly, but do no damage.
The jelly is severely wounded.
The jelly hits you.
You die...

######## #....#..#.
... #....#..## .....
... #....#.... .....
... #....'.... .....
.... #....#.... .....
..... +....#....
..... .....######
#....#..## ###
#......##+##....#..##
#...@..#...#....#..'.
#....J.#...#....'..#.
#......#'###....#####
######........###
+........# #........#
#........### ##
##+##......####.
#......'..#.


You could see a jelly.

Vanquished Creatures
  Edmund (D:4)
  A water moccasin (D:5)
  An orc warrior (D:6)
  An ice beast (D:6)
  An ogre (D:4)
  A centaur (D:5)
  3 phantoms
  A scorpion (D:4)
  4 wights (D:6)
  A jelly (D:4)
  6 hounds
  An orc priest (D:5)
  A gnoll bouda (D:4)
  Jessica (D:2)
  4 iguanas
  3 orc wizards
  7 gnolls
  9 adders
  2 worms (D:2)
  A dart slug (D:1)
  26 orcs
  7 bats
  6 endoplasms
  3 giant cockroaches (D:2)
  9 goblins
  5 hobgoblins
  4 jackals (D:1)
  3 quokkas
  12 ball pythons
  2 frilled lizards
  7 kobolds
  2 rats
136 creatures vanquished.

Notes
Turn   | Place    | Note
-------+----------+-------------------------------------------
     0 | D:1      | jimonade the Vine Stalker Monk began the quest for the Orb.
     0 | D:1      | Reached XP level 1. HP: 11/11 MP: 2/2
   219 | D:1      | Reached XP level 2. HP: 16/16 MP: 3/3
   473 | D:1      | Found a faded altar of an unknown god.
   621 | D:1      | Reached XP level 3. HP: 16/19 MP: 4/4
   994 | D:2      | Noticed Jessica
  1001 | D:2      | Killed Jessica
  1002 | D:2      | Gained mutation: Your natural rate of healing is unusually
                  | fast. [Vine Stalker growth]
  1002 | D:2      | Reached XP level 4. HP: 20/24 MP: 5/5
  1286 | D:2      | Reached skill level 1 in Short Blades
  1296 | D:2      | Found Wiros's Distillery.
  1442 | D:2      | You fall into a shaft and drop 2 floors!
  1447 | D:3      | Found a basalt altar of Yredelemnul.
  1613 | D:3      | Reached XP level 5. HP: 28/28 MP: 6/6
  1668 | D:3      | Reached skill level 1 in Armour
  1683 | D:3      | Reached skill level 2 in Short Blades
  1724 | D:3      | Reached XP level 6. HP: 32/32 MP: 7/7
  1940 | D:3      | Found a runed translucent door.
  1941 | D:3      | Noticed Crazy Yiuf
  2054 | D:3      | Found an opulent altar of Gozag.
  2326 | D:4      | Reached skill level 3 in Short Blades
  2836 | D:4      | Reached XP level 7. HP: 37/37 MP: 8/8
  2999 | D:4      | Got the Catalogue of the Reshaped Caves
  3001 | D:4      | Found a large runed translucent door.
  3001 | D:4      | Found a large runed translucent door.
  3003 | D:4      | Noticed nemohh's ghost (amateur HOFi)
  3023 | D:4      | Noticed Edmund
  3049 | D:4      | Killed Edmund
  3050 | D:4      | Reached skill level 4 in Short Blades
  3616 | D:5      | Entered Level 5 of the Dungeon
  3617 | D:5      | Found a white marble altar of Elyvilon.
  3716 | D:5      | Reached skill level 5 in Short Blades
  3716 | D:5      | Gained mutation: You have razor-sharp teeth. [Vine Stalker
                  | growth]
  3716 | D:5      | Reached XP level 8. HP: 42/42 MP: 9/9
  4632 | D:6      | Found a staircase to the Ecumenical Temple.
  4655 | Temple   | Entered the Ecumenical Temple
  4662 | Temple   | Became a worshipper of the Wu Jian Council
  4662 | Temple   | Reached * piety under Wu Jian
  4662 | Temple   | Reached ** piety under Wu Jian
  5033 | D:6      | Reached skill level 6 in Short Blades
  5049 | D:6      | Found a snail-covered altar of Cheibriados.
  5113 | D:6      | Reached skill level 5 in Fighting
  5113 | D:6      | Reached XP level 9. HP: 47/47 MP: 10/10
  5239 | D:6      | HP: 2/47 [acid (2)]
  5250 | D:6      | HP: 2/47 [acid (4)]
  5251 | D:6      | Slain by a jelly

Illustrated notes

Levels and vault maps discovered:
D:1:      eino_arrival_cavern_e, layout_loops_cross,
          hellmonk_ecumenical_altar_inner_sanctum,
          chequers_serial_rivers_small_a, minivault_27, minmay_box_of_dots
D:2:      layout_basic, serial_shops, nicolae_shop_tiny_statue_garden,
          uniq_jessica
D:3:      layout_basic, mainiacjoe_overflow_alcove_4, yredelemnul_altar_generic,
          uniq_crazy_yiuf_cottage
D:4:      kb_forest_paths, layout_layer_cave, ebering_ghost_disaster_area,
          serial_bayou_ford_a, uniq_edmund
D:5:      wander_river, layout_loops_ring, nicolae_overflow_crystal_walls
D:6:      layout_gridville, lemuel_tele_altar, temple_pool_b, serial_glass,
          glass_columns_b, glass_columns_a
Temple:   eino_wide_crystal_templ

Skill      XL: |  1  2  3  4  5  6  7  8 |
---------------+-------------------------+-----
Long Blades    | 3 |  3.4
Fighting       | 3 4 5 |  5.1
Dodging        | 3 |  3.7
Short Blades   | 1 2 3 5 6 |  6.3
Armour         | 1 2 3 4 |  4.9
Throwing       | |  0.8
Stealth        | |  0.3
Evocations     | |  0.1

Action                     |  1- 3 |  4- 6 |  7- 9 || total
---------------------------+-------+-------+-------++-------
  Melee: Falchion          |    10 |       |       ||    10
         Dagger            |    63 |   216 |   312 ||   591
         Bite              |    21 |    81 |   148 ||   250
  Throw: Dart              |       |       |     4 ||     4
Ability: Whirlwind         |       |       |    58 ||    58
         Lunge             |       |       |     7 ||     7
  Evoke: Wand              |       |       |     1 ||     1
    Use: Scroll            |       |       |     6 ||     6
         Potion            |       |       |     1 ||     1
 Armour: Robe              |    18 |     3 |       ||    21
         Chain mail        |       |    75 |    80 ||   155
  Dodge: Dodged            |    47 |    97 |   153 ||   297
